 Dungeon Crawl Stone Soup version 0.30-a0-782-ge64f9170bb (console) character file.

Game seed: 7879786071427525242

7976 utis the Nimble (level 11, -5/64 HPs)
             Began as a Tengu Wanderer on Mar 8, 2023.
             Killed by vampiric draining
             ... invoked by a vampire
              (14 damage)
             ... on level 9 of the Dungeon.
             The game lasted 00:39:34 (13128 turns).

utis the Nimble (Tengu Wanderer)                   Turns: 13128, Time: 00:39:34

Health: -5/64      AC:  9    Str: 11    XL:     11   Next: 23%
Magic:  15/15      EV: 19    Int: 16    God:
Gold:   360        SH:  0    Dex: 16    Spells: 10/14 levels left

rFire   . . .      SeeInvis .    G - +10 quarterstaff {vamp, rPois Will+}
rCold   . . .      Faith    .    (shield currently unavailable)
rNeg    . . .      Spirit   .    R - +0 acid dragon scales
rPois   +          Reflect  .    (helmet restricted)
rElec   .          Harm     .    F - +1 cloak
rCorr   +          Rampage  .    (no gloves)
Will    +....                    (boots unavailable)
Stlth   ++                       q - amulet of the acrobat
HPRegen 0.30/turn                (no ring)
MPRegen 0.14/turn                (no ring)

@: flying quickly and evasively, quick
A: beak, talons 3, nimble flight
a: no special abilities


You were on level 9 of the Dungeon.
You visited 1 branch of the dungeon, and saw 10 of its levels.
You also visited: Sewer.

You collected 594 gold pieces.
You spent 234 gold pieces at shops.

Inventory:

Hand Weapons
 a - a +2 spear of protection
 y - a +2 falchion of protection
 B - a +1 dagger of venom
 D - a +3 quarterstaff of chaos
 G - the +10 quarterstaff of Parts Unknown (weapon) {vamp, rPois Will+}
   (You bought it in a shop on level 2 of the Dungeon)

   rPois:     It protects you from poison.
   Will:      It increases your willpower.
 J - a +1 trident of freezing
 N - a +5 great sword of freezing
 T - a +1 vampiric glaive
Armour
 b - a +0 buckler
 d - a +0 leather armour
 f - an orb of energy
 w - a +0 cloak
 x - a +0 ring mail
 F - a +1 cloak (worn)
 O - an orb of wrath
 R - +0 acid dragon scales (worn)
Jewellery
 g - an amulet of regeneration {@e1}
 q - an amulet of the acrobat (around neck)
 r - an amulet of magic regeneration {@e1}
 z - the necklace of Bloodlust {Fury *Rage Will++ Int-3 Slay+6}
   (You took it off an orc on level 5 of the Dungeon)

   [amulet of nothing]

   Fury:      It extends the wearer's berserk rage when killing foes.
   Int:       It affects your intelligence (-3).
   Slay:      It affects your accuracy & damage with ranged weapons and melee
   (+6).
   *Rage:     It berserks you when you make melee attacks (+50% chance).
   Will:      It greatly increases your willpower.
 E - a +5 ring of evasion
Wands
 m - a wand of iceblast (23)
 L - a wand of acid (9)
Scrolls
 c - 3 scrolls of blinking
 e - 8 scrolls of teleportation {@r4}
 n - 2 scrolls of torment {!r}
 s - a scroll of fog
 t - a scroll of silence {!r}
 u - 2 scrolls of butterflies
 A - a scroll of vulnerability
 C - a scroll of immolation {unknown}
 H - 3 scrolls of poison
 I - a scroll of enchant weapon {unknown}
 M - a scroll of brand weapon
 P - 3 scrolls of enchant armour
 Q - a scroll of magic mapping {unknown}
 U - a scroll of acquirement {unknown}
Potions
 h - 3 potions of brilliance
 i - 8 potions of flight
 j - 2 potions of might
 k - 3 potions of heal wounds {@q2}
 l - 6 potions of curing {@q1}
 o - 3 potions of haste {@q3}
 p - 2 potions of berserk rage {!q}
 v - a potion of ambrosia
 K - a potion of lignification
 S - a potion of attraction


   Skills:
 + Level 5.9 Fighting
 - Level 3.2(6.2) Polearms
 * Level 8.2(8.5) Staves
 + Level 4.6 Armour
 + Level 9.2 Dodging
 - Level 3.0 Stealth
 - Level 4.0 Shields
 - Level 2.0 Spellcasting
 - Level 5.0 Conjurations
 - Level 3.0 Translocations
 - Level 5.0 Fire Magic
 - Level 8.0 Air Magic


You had 10 spell levels left.
You knew the following spells:

 Your Spells              Type           Power      Damage    Failure   Level
z - Shock                 Conj/Air       88%        1d8       2%          1
Y - Kindle Blastsparks    Fire/Tloc/Air  36%        2d13      11%         3

Your spell library contained the following spells:

 Spells                   Type           Power      Damage    Failure   Level
 Ensorcelled Hibernation  Hex/Ice        2%         N/A       43%         2
 Portal Projectile        Hex/Tloc       12%        N/A       45%         3
 Ozocubu's Armour         Ice            1%         N/A       67%         3
 Tukima's Dance           Hex            1%         N/A       67%         3
 Anguish                  Hex/Necr       0%         N/A       97%         4
 Blade Hands              Tmut           0%         N/A       100%        5
 Ozocubu's Refrigeration  Ice            0%         4d7       100%        7


Dungeon Overview and Level Annotations

Branches:
Dungeon (10/15)            Temple (0/1) D:4            Lair (0/5) D:9
  Sewer (visited)
    Orc: D:9-12

Altars:
Dithmenos
Gozag
Hepliaklqana
Kikubaaqudgha
Makhleb
Uskayaw
Vehumet
Zin

Shops:
D:2 (


Innate Abilities, Weirdness & Mutations

You have a beak for a mouth.
You have claws for feet.
Your magical nature lets you fly swiftly and evasively.


Message History

The shadow hits you. The vampire hits you! The vampire completely misses you.
You thump the vampire! Your kick misses the vampire.
The vampire is heavily damaged.
The shadow slips into darkness.
The shadow flickers and vanishes!
Deactivating autopickup; reactivate with Ctrl-A.
The vampire completely misses you. The vampire bites you!
The vampire draws strength from your injuries!
You hit the vampire but do no damage. You claw the vampire!
The vampire is heavily damaged.
The shadow strikes at you from the darkness!
* * * LOW HITPOINT WARNING * * *
Reactivating autopickup.
The vampire closely misses you. The vampire completely misses you.
You hit the vampire. You claw the vampire, but do no damage.
You peck the vampire.
The vampire is heavily damaged.
You barely miss the vampire.
The vampire is heavily damaged.
The shadow completely misses you. The vampire misses you.
The vampire bites you!
* * * LOW HITPOINT WARNING * * *
The vampire draws strength from your injuries!
You are too injured to fight recklessly!
You are too injured to fight recklessly!
The shadow slips into darkness.
The shadow flickers and vanishes!
Deactivating autopickup; reactivate with Ctrl-A.
You closely miss the vampire. Your kick misses the vampire.
You peck the vampire.
The vampire is heavily damaged.
The vampire misses you.
The vampire bites you but does no damage.
You hit the vampire.
The vampire is severely damaged.
The vampire barely misses you. The vampire closely misses you.
The shadow strikes at you from the darkness!
* * * LOW HITPOINT WARNING * * *
Reactivating autopickup.
You thump the shadow! Your kick misses the shadow.
The shadow is moderately damaged.
The vampire draws life force from you!
You die...

░..░░░.....░....░....░ ░░░ ░.░░
░░░..<░░........░ ░.░ ░░░.░
░.............░░░.. ░...░
░░..░..░░░....░.... ░░░░░.░░░
░░░░....░░ ░░...)...░ ░.....░
░....░..░░░░░....░... ░░.░░░░░
░...░░░....░░....░░.▒ ...░
░..W.....░.......░..▒ ░░.░░░
░░.VQ...░░.........▒▒ ░░...░
░.>░░░.░░░.........▒8 ░....░░░░░░
░░░.....░░.........▒▒
.._.......░░ ░░.....░.........▒▒
....░░.░░..░░░░░...............▒▒
...░░░.░░......░...............▒)
░░.░░░.░░......................▒▒
░.†...░░..░.░░.................▒
░.░░░░░░..░░░░░................▒


You could see a vampire and a shadow.

Vanquished Creatures
  5 gargoyles (D:9)
  An unseen horror (D:9)
  A troll (D:10)
  Grinder (D:6)
  2 vampires (D:9)
  A shadow (D:10)
  5 yaks
  A steam dragon (D:8)
  An acid dragon (D:9)
  3 water moccasins
  Duvessa (D:7)
  An ogre (D:5)
  5 black bears
  3 sky beasts
  3 ice beasts
  3 orc warriors
  3 centaurs
  2 kobold brigands
  6 bullfrogs
  A scorpion (D:9)
  2 necrophages
  5 wights (D:8)
  Dowan (D:7)
  9 killer bees
  An electric eel (D:6)
  3 howler monkeys
  2 hounds (D:5)
  2 jellies
  2 orc priests (D:8)
  Crazy Yiuf (D:5)
  2 iguanas
  Natasha (twice) (D:3)
  5 orc wizards
  A howler monkey zombie (D:10)
  14 adders
  6 river rats
  A white imp (D:6)
  An ufetubus (D:5)
  A worm (Sewer)
  6 dart slugs
  27 orcs
  5 endoplasms
  8 giant cockroaches
  8 hobgoblins
  6 jackals
  14 kobolds
  4 quokkas
  20 ball pythons
  17 bats
  3 frilled lizards
  6 goblins
  26 rats
260 creatures vanquished.

Vanquished Creatures (others)
  2 wights (D:8)
  5 fungi (D:9)
  6 plants (D:9)
  4 withered plants (D:10)
17 creatures vanquished.

Grand Total: 277 creatures vanquished

Notes
Turn   | Place    | Note
-------+----------+-------------------------------------------
     0 | D:1      | utis the Tengu Wanderer began the quest for the Orb.
     0 | D:1      | utis set off with the following items: a +2 spear, a +0
                  | buckler, a scroll of blinking, a +0 leather armour; and the
                  | following spell memorised: Shock; and the following spells
                  | available to memorise: Kindle Blastsparks.
     0 | D:1      | Reached XP level 1. HP: 10/10 MP: 3/3
   187 | D:1      | Reached XP level 2. HP: 13/15 MP: 2/4
   293 | D:1      | Reached skill level 1 in Conjurations
   417 | D:1      | Reached skill level 1 in Dodging
   857 | D:1      | Reached XP level 3. HP: 19/19 MP: 5/5
  1443 | D:2      | Reached XP level 4. HP: 18/24 MP: 4/6
  1513 | D:2      | Found a faded altar of an unknown god.
  1813 | D:2      | Reached skill level 2 in Dodging
  2026 | D:2      | Found Atimebas's Antique Weapon Shoppe.
  2501 | D:3      | Gained mutation: Your magical nature lets you fly swiftly
                  | and evasively. [Tengu growth]
  2501 | D:3      | Reached XP level 5. HP: 28/28 MP: 7/7
  2691 | D:3      | Noticed Natasha
  2705 | D:3      | Killed Natasha
  2952 | D:3      | Noticed Natasha
  2990 | D:3      | Killed Natasha
  3550 | D:4      | Found a staircase to the Ecumenical Temple.
  3564 | D:4      | Reached XP level 6. HP: 29/32 MP: 8/8
  3624 | D:4      | Reached skill level 3 in Dodging
  3637 | D:4      | Found a glowing drain.
  3649 | Sewer    | Entered a sewer
  4467 | D:4      | Noticed a black bear
  4481 | D:4      | Killed a black bear
  4482 | D:4      | Reached XP level 7. HP: 18/36 MP: 2/9
  4992 | D:5      | Entered Level 5 of the Dungeon
  5039 | D:5      | Learned a level 3 spell: Kindle Blastsparks
  5438 | D:5      | Reached skill level 5 in Conjurations
  5438 | D:5      | Reached skill level 5 in Air Magic
  5447 | D:5      | Reached skill level 1 in Fire Magic
  5576 | D:5      | Reached skill level 1 in Translocations
  5860 | D:5      | Found a hide-covered altar of Uskayaw.
  5860 | D:5      | Noticed a +0 hand axe
  5862 | D:5      | Noticed a +0 hand axe
  5921 | D:5      | Reached XP level 8. HP: 36/41 MP: 12/12
  6045 | D:5      | Found a runed translucent door.
  6046 | D:5      | Noticed Crazy Yiuf
  6276 | D:5      | Killed Crazy Yiuf
  6531 | D:2      | Bought a slimy quarterstaff for 234 gold pieces
  6531 | D:2      | Identified the +10 quarterstaff of Parts Unknown {vamp,
                  | rPois Will+} (You bought it in a shop on level 2 of the
                  | Dungeon)
  6815 | D:5      | Reached skill level 1 in Fighting
  6815 | D:5      | Reached skill level 4 in Dodging
  7035 | D:6      | Reached skill level 5 in Dodging
  7218 | D:6      | Found a burning altar of Makhleb.
  7467 | D:6      | Reached skill level 1 in Staves
  7557 | D:6      | Reached skill level 6 in Dodging
  7637 | D:6      | Noticed Grinder
  7648 | D:6      | Killed Grinder
  7649 | D:6      | Reached XP level 9. HP: 46/51 MP: 13/13
  8333 | D:7      | Got the Papyrus of Ensnaring Hypothermia
  8649 | D:7      | Found an ancient bone altar of Kikubaaqudgha.
  8657 | D:7      | Noticed Duvessa
  8687 | D:7      | Killed Duvessa
  8745 | D:7      | Noticed Dowan
  8755 | D:7      | Killed Dowan
  8756 | D:7      | Reached skill level 7 in Dodging
  9233 | D:8      | Identified the +6 rapier of the Ecumenical Temple {freeze,
                  | *Noise Will+ Int+5}
  9333 | D:8      | Reached XP level 10. HP: 18/56 MP: 10/14
  9478 | D:8      | Reached skill level 5 in Fire Magic
  9498 | D:8      | Found Qeah's Weapon Shop.
  9754 | D:8      | Reached skill level 1 in Armour
  9822 | D:8      | Found a shadowy altar of Dithmenos.
 10015 | D:8      | Reached skill level 5 in Staves
 10015 | D:8      | Reached skill level 8 in Dodging
 10393 | D:9      | Noticed a gargoyle
 10403 | D:9      | Killed a gargoyle
 10557 | D:9      | Noticed a gargoyle
 10566 | D:9      | Killed a gargoyle
 10707 | D:9      | Noticed a gargoyle
 10715 | D:9      | Killed a gargoyle
 10854 | D:9      | Noticed a gargoyle
 10862 | D:9      | Killed a gargoyle
 11026 | D:9      | Noticed a gargoyle
 11031 | D:9      | HP: 2/58 [gargoyle/+0 dire flail (18)]
 11033 | D:9      | Killed a gargoyle
 11034 | D:9      | Reached skill level 5 in Fighting
 11304 | D:9      | Found a glowing silver altar of Zin.
 11938 | D:9      | Found a radiant altar of Vehumet.
 12105 | D:9      | Found a staircase to the Lair.
 12136 | D:9      | Found a hazy altar of Hepliaklqana.
 12169 | D:9      | Found an opulent altar of Gozag.
 12291 | D:10     | Entered Level 10 of the Dungeon
 12298 | D:10     | Reached XP level 11. HP: 64/64 MP: 15/15
 12328 | D:9      | Reached skill level 9 in Dodging
 13128 | D:9      | Killed from afar by a vampire

Illustrated notes

Levels and vault maps discovered:
D:1:      dpeg_arrival_yet_another_circle, layout_basic, grunt_decor_one_mirror
D:2:      layout_rooms, nicolae_ecumenical_snake_handling, serial_shops, shop,
          hangedman_decor_peaks_small, minmay_surrounded
D:3:      layout_basic, minmay_rat_hole, uniq_natasha
D:4:      layout_rooms, minmay_temple_entry_arrows, portal_sewer_entry_e,
          enter_ossuary_1
D:5:      layout_rooms, dancing_weapons_uskayaw, water_maze_lemuel,
          uniq_crazy_yiuf_cottage
D:6:      layout_basic, old_standard_altar, minivault_11,
          kennysheep_small_spiral, chequers_serial_rivers_small_a, uniq_grinder
D:7:      layout_loops_ring, mainiacjoe_overflow_boulevard, uniq_duvessa
D:8:      layout_basic, mainiacjoe_overflow_small_starburst, serial_shops, shop
D:9:      cheibrodos_statue_roulette, layout_cave_pools, kennysheep_little_box,
          nicolae_overflow_crystal_walls, lemuel_doored_altar,
          nicolae_overflow_hidden_temple, grunt_lair_entry_orc_guard_hut
D:10:     layout_small_grid, orc_0_dummy, gammafunk_ghost_grave, serial_undead,
          serial_undead_b, serial_undead_c, serial_undead_c, serial_undead_f,
          serial_undead_f

Skill      XL: |  1  2  3  4  5  6  7  8  9 10 11 |
---------------+----------------------------------+-----
Conjurations   | 1 2 3 4 5 |  5.0
Air Magic      | 2 3 4 5 6 7 8 |  8.0
Dodging        | 1 2 3 6 7 8 9 |  9.2
Shields        | 3 4 |  4.0
Fire Magic     | 2 4 5 |  5.0
Translocations | 1 3 |  3.0
Spellcasting   | 2 |  2.0
Fighting       | 3 4 5 |  5.9
Staves         | 3 4 7 8 |  8.2
Armour         | 3 4 |  4.6
Polearms       | |  3.2
Stealth        | |  3.0

Action                     |  1- 3 |  4- 6 |  7- 9 | 10-12 || total
---------------------------+-------+-------+-------+-------++-------
  Melee: Spear             |    73 |   219 |    35 |       ||   327
         Kick              |    10 |    52 |    52 |    70 ||   184
         Peck              |     5 |    26 |    37 |    35 ||   103
         Dagger            |       |       |    27 |       ||    27
         Quarterstaff      |       |       |   131 |   201 ||   332
   Cast: Shock             |     9 |    54 |    46 |    19 ||   128
         Kindle Blastspark |       |       |     2 |     3 ||     5
    Use: Scroll            |       |    10 |     6 |     4 ||    20
         Potion            |       |       |     2 |       ||     2
   Stab: Sleeping          |     5 |     8 |     1 |     3 ||    17
         Distracted        |       |     2 |       |       ||     2
 Armour: Leather armour    |    15 |    43 |    14 |       ||    72
         Ring mail         |       |       |    36 |    11 ||    47
         Acid dragon scale |       |       |       |    27 ||    27
  Dodge: Dodged            |    20 |   115 |   148 |   192 ||   475
  Block: Buckler           |     9 |    51 |    18 |       ||    78

Table legend: (Time is in decaauts)
 A = Elapsed time spent in this place.
 B = Non-inter-level travel time spent in this place.
 C = Inter-level travel time spent in this place.
 D = Time resting spent in this place.
 E = Time spent auto-exploring this place.
 F = Levels seen in this place.
 G = Mean time per level.
                   A        B        C        D        E       F      G
               +--------+--------+--------+--------+--------+-----+--------+
         Total |  12581 |  11993 |    588 |   4243 |   5262 |  11 | 1143.7 |
       Dungeon |  11928 |  11340 |    588 |   4114 |   4938 |  10 | 1192.8 |
         Sewer |    652 |    652 |      0 |    129 |    323 |   1 |  652.0 |
               +--------+--------+--------+--------+--------+-----+--------+

Top non-repeatable levels by time:
     D:9: 2306 daAuts
     D:5: 1435 daAuts
     D:3: 1419 daAuts
     D:8: 1259 daAuts
     D:2: 1237 daAuts
     D:7: 1086 daAuts
     D:4: 967 daAuts
     D:6: 935 daAuts
     D:1: 911 daAuts
   Sewer: 652 daAuts
    D:10: 370 daAuts
